[Event "Titled Tuesday Blitz April 26 Late 2022"]
[White "Tang, Andrew"]
[Black "Mortazavi, Ali"]
[WhiteFideId "2059630"]
[BlackFideId "401323"]
[WhiteElo "2584"]
[BlackElo "2339"]
[Result "1-0"]
[Round "02"]
[TimeControl "180+1"]
[Date "2022.04.26"]
[WhiteClock "0:02:12"]
[BlackClock "0:01:48"]

1. d4 Nf6 2. c4 g6 3. f3 Bg7 4. e4 O-O 5. Nc3 d6 6. Nge2 a6 7. Bg5 Nbd7 8. Qd2 c6 9. h4 h5 10. Ng3 b5 11. Bh6 bxc4 12. Bxc4 d5 13. Bb3 dxe4 14. Qg5 e6 15. Bxg7 Kxg7 16. fxe4 Rh8 17. O-O Ng4 18. Nxh5+ Rxh5 19. Qxd8 1-0


[Site "https://www.chess.com"]

[Event "Titled Tuesday Blitz April 26 Late 2022"]
[White "Tari, Aryan"]
[Black "Song, Guannan Terry"]
[WhiteFideId "1510045"]
[BlackFideId "2614189"]
[WhiteElo "2567"]
[BlackElo "2115"]
[Result "1-0"]
[Round "02"]
[TimeControl "180+1"]
[Date "2022.04.26"]
[WhiteClock "0:00:38"]
[BlackClock "0:00:44"]

1. c4 Nf6 2. Nc3 c5 3. Nf3 e6 4. d4 cxd4 5. Nxd4 b6 6. e4 d6 7. g3 Bb7 8. Bg2 a6 9. O-O Qc7 10. Be3 Be7 11. Rc1 Nbd7 12. f4 Rc8 13. b4 Qb8 14. Qe2 O-O 15. f5 e5 16. Nb3 d5 17. exd5 Bxb4 18. g4 Nc5 19. g5 Nfd7 20. Nxc5 Bxc5 21. Ne4 Bd4 22. Kh1 b5 23. g6 fxg6 24. fxg6 h6 25. Rf7 Nb6 26. Bxh6 gxh6 27. Nf6+ Kh8 28. Rh7# 1-0


[Site "https://www.chess.com"]

[Event "Titled Tuesday Blitz April 26 Late 2022"]
[White "Tatarinov, Dmitry"]
[Black "Alekseenko, Kirill"]
[WhiteFideId "24160067"]
[BlackFideId "4135539"]
[WhiteElo "2302"]
[BlackElo "2682"]
[Result "1/2-1/2"]
[Round "02"]
[TimeControl "180+1"]
[Date "2022.04.26"]
[WhiteClock "0:00:18"]
[BlackClock "0:00:10"]

1. d4 d5 2. c4 dxc4 3. e3 e5 4. Bxc4 Nc6 5. d5 Nce7 6. Nc3 a6 7. a4 Ng6 8. Nf3 Nf6 9. O-O Bd6 10. Nd2 O-O 11. Nde4 Nxe4 12. Nxe4 f5 13. Nxd6 cxd6 14. a5 f4 15. f3 fxe3 16. Bxe3 Bd7 17. Qd2 Nf4 18. g3 Ng6 19. Rac1 Qe7 20. Bd3 Bf5 21. Be4 Rf7 22. Bb6 Qf6 23. Qd3 Bh3 24. Rf2 Raf8 25. b4 Qg5 26. Be3 Qh5 27. Bd2 Bf5 28. Bxf5 Qxf5 29. Qxf5 Rxf5 30. Rc7 R5f7 31. Rc3 Ne7 32. Kg2 Nxd5 33. Rd3 Nf6 34. Re2 Ne8 35. b5 axb5 36. Bb4 Rf6 37. Rc2 h5 38. h4 Kh7 39. Rc8 Re6 40. Rb8 Rf7 41. Rd5 Rc7 42. Rxb5 Rc2+ 43. Kh3 Nc7 44. R5xb7 Nd5 45. a6 Ra2 46. a7 Nxb4 47. a8=Q Rxa8 48. Rxa8 Nc6 49. Ra6 Nd4 50. Rbb6 Nxf3 51. Rxd6 Re7 52. Re6 Rb7 53. Ra3 Rf7 54. Re3 g5 55. Kg2 g4 56. Rb3 Ne1+ 57. Kg1 Nf3+ 58. Kg2 Ne1+ 59. Kh1 Nf3 60. Rbb6 Rd7 61. Rh6+ Kg7 62. Rbd6 Ra7 63. Rxh5 Ra2 64. Rg5+ Nxg5 65. hxg5 e4 66. Re6 Re2 67. Kg1 Kf7 68. Re5 Kg6 69. Kf1 Re3 70. Kf2 Rf3+ 71. Kg2 e3 72. Kh2 Rf2+ 73. Kg1 Rf3 74. Kg2 Kh5 75. Kh2 Rf2+ 76. Kg1 Re2 77. Kf1 Rf2+ 78. Kg1 Rf3 79. Kg2 Kg6 80. Kh2 Rf2+ 81. Kg1 Re2 82. Kf1 Ra2 83. Rxe3 Kxg5 84. Re4 Kf5 85. Rf4+ Kg5 86. Kg1 Ra3 87. Kg2 Ra2+ 88. Kg1 Ra3 89. Kg2 Ra2+ 90. Kg1 1/2-1/2


[Site "https://www.chess.com"]

[Event "Titled Tuesday Blitz April 26 Late 2022"]
[White "Toncheva, Nadya"]
[Black "Licznerski, Lukasz"]
[WhiteFideId "2924056"]
[BlackFideId "1179250"]
[WhiteElo "1884"]
[BlackElo "2422"]
[Result "1-0"]
[Round "02"]
[TimeControl "180+1"]
[Date "2022.04.26"]
[WhiteClock "0:00:04"]
[BlackClock "0:00:03"]

1. e4 c6 2. d4 d5 3. Nc3 dxe4 4. Nxe4 Nd7 5. Nf3 Ngf6 6. Ng3 e6 7. Bd3 c5 8. Qe2 cxd4 9. Nxd4 Bc5 10. Nb3 Bb6 11. O-O O-O 12. Ne4 Nxe4 13. Qxe4 Nf6 14. Qh4 Qe7 15. Bxh7+ Kh8 16. Bd3+ Kg8 17. Bg5 Rd8 18. Rad1 Bd7 19. Rfe1 Bc6 20. Nd2 Rd4 21. Qh3 Rad8 22. Nc4 Rxc4 23. Bxc4 Rxd1 24. Rxd1 Qc5 25. Bxf6 Qxf2+ 26. Kh1 Qxf6 27. Bd3 g6 28. Rf1 Qg5 29. Qg3 Qh5 30. Qf4 g5 31. Qb8+ Kg7 32. Qe5+ Kg8 33. Qg3 Bd4 34. c3 Bg7 35. Bc2 Bf8 36. Bd1 Qh6 37. Bf3 Bb5 38. Rf2 Bc5 39. Rd2 Kg7 40. Qe5+ Qf6 41. Qxc5 Qf4 42. Qf2 g4 43. Bd1 Qg5 44. Qd4+ e5 45. Qf2 Bc6 46. Re2 f6 47. Bc2 Qc1+ 48. Re1 Qg5 49. Be4 Bb5 50. b3 Bd7 51. c4 Be6 52. Bxb7 Bc8 53. Be4 f5 54. Qxa7+ Kh6 55. Bb7 Be6 56. Qb6 Qf6 57. Bd5 1-0


[Site "https://www.chess.com"]

[Event "Titled Tuesday Blitz April 26 Late 2022"]
[White "Toniutti, Ezio"]
[Black "Paravyan, David"]
[WhiteFideId "113034"]
[BlackFideId "4194985"]
[WhiteElo "2215"]
[BlackElo "2569"]
[Result "0-1"]
[Round "02"]
[TimeControl "180+1"]
[Date "2022.04.26"]
[WhiteClock "0:00:09"]
[BlackClock "0:00:21"]

1. d4 Nf6 2. c4 g6 3. Nc3 d5 4. Bg5 Ne4 5. Bh4 Nxc3 6. bxc3 c5 7. e3 Nc6 8. cxd5 Qxd5 9. Qf3 Qf5 10. Bb5 Bd7 11. Qxf5 gxf5 12. Nf3 e6 13. O-O Be7 14. Bg3 O-O 15. Rfd1 Rfd8 16. Rab1 Rac8 17. Be2 Na5 18. Ne5 Be8 19. Bf3 b6 20. Be2 cxd4 21. cxd4 Rc2 22. Bf3 Rdc8 23. d5 exd5 24. Bxd5 Kg7 25. h4 Bf6 26. Nd3 Nc4 27. Nf4 Be7 28. Nh5+ Kf8 29. Bf4 Bxh4 30. g3 Be7 31. Bh6+ Kg8 32. Rd4 Ne5 33. Bf4 Ng4 34. Rf1 Nf6 35. Nxf6+ Bxf6 36. Rdd1 Kg7 37. Bb3 R2c5 38. Rd3 Bb5 39. Rd7 Bxd7 0-1


[Site "https://www.chess.com"]

[Event "Titled Tuesday Blitz April 26 Late 2022"]
[White "Torres Cueto, Jesus Marcial"]
[Black "Zumsande, Martin"]
[WhiteFideId "4415280"]
[BlackFideId "4651324"]
[WhiteElo "2055"]
[BlackElo "2368"]
[Result "0-1"]
[Round "02"]
[TimeControl "180+1"]
[Date "2022.04.26"]
[WhiteClock "0:01:33"]
[BlackClock "0:01:58"]

1. d4 d5 2. c4 e6 3. Nc3 Be7 4. Nf3 Nf6 5. Bg5 h6 6. Bh4 O-O 7. e3 b6 8. cxd5 Nxd5 9. Bxe7 Qxe7 10. Bd3 Bb7 11. O-O Nd7 12. Rc1 c5 13. Bb1 Rfd8 14. Qe2 Rac8 15. Rfd1 Nxc3 16. bxc3 Nf6 17. e4 cxd4 18. cxd4 Rxc1 19. Rxc1 Qa3 20. e5 Qxc1+ 0-1


[Site "https://www.chess.com"]

[Event "Titled Tuesday Blitz April 26 Late 2022"]
[White "Tristan, Leonardo"]
[Black "Qiao, Cindy"]
[WhiteFideId "113816"]
[BlackFideId "2620243"]
[WhiteElo "2404"]
[BlackElo "2245"]
[Result "1-0"]
[Round "02"]
[TimeControl "180+1"]
[Date "2022.04.26"]
[WhiteClock "0:00:12"]
[BlackClock "0:00:08"]

1. d4 d5 2. Nf3 Nf6 3. Bf4 e6 4. e3 Bd6 5. Bg3 c5 6. Bb5+ Nc6 7. Nbd2 O-O 8. c3 a6 9. Bxc6 bxc6 10. Qa4 Bb7 11. Bxd6 Qxd6 12. Qa3 Nd7 13. Nb3 e5 14. dxe5 Nxe5 15. Nxe5 Qxe5 16. Qxc5 Qg5 17. O-O Bc8 18. Kh1 Bd7 19. Qd4 Rfe8 20. Nc5 Bf5 21. b4 Rad8 22. a4 Qh5 23. Qf4 Qg6 24. f3 Rd6 25. Nxa6 Rf6 26. Qg3 Qh5 27. Nc5 Rh6 28. a5 Rg6 29. Qf2 Rh6 30. g3 Bh3 31. Rfe1 Rf6 32. f4 Bg4 33. a6 Rh6 34. a7 Ra8 35. Kg1 Bf3 36. Ra6 Rg6 37. b5 h6 38. b6 Qg4 39. b7 Re8 40. b8=Q Rxb8 41. axb8=Q+ Kh7 42. Ra8 Be4 43. Qh8# 1-0


[Site "https://www.chess.com"]

[Event "Titled Tuesday Blitz April 26 Late 2022"]
[White "Tymrakiewicz, Rafal"]
[Black "Aroesti, Roee"]
[WhiteFideId "1108832"]
[BlackFideId "2817144"]
[WhiteElo "2205"]
[BlackElo "2068"]
[Result "0-1"]
[Round "02"]
[TimeControl "180+1"]
[Date "2022.04.26"]
[WhiteClock "0:00:24"]
[BlackClock "0:00:26"]

1. e4 c5 2. c3 Nf6 3. e5 Nd5 4. Nf3 d6 5. exd6 e6 6. d4 Bxd6 7. Bd3 Nc6 8. O-O cxd4 9. cxd4 Be7 10. Nc3 Bf6 11. Ne4 Bxd4 12. Nxd4 Nxd4 13. Qa4+ Nc6 14. Bg5 f6 15. Bh4 O-O 16. Rad1 Qe8 17. Bg3 f5 18. Nd6 Qh5 19. Nxc8 Raxc8 20. Bd6 Rfd8 21. Bc5 Ne5 22. Bxa7 Ra8 23. Bb5 f4 24. Qd4 f3 25. g3 Qh3 0-1


[Site "https://www.chess.com"]

[Event "Titled Tuesday Blitz April 26 Late 2022"]
[White "Vidonyak, Roman"]
[Black "Javakhishvili, Lela"]
[WhiteFideId "14100622"]
[BlackFideId "13601458"]
[WhiteElo "2394"]
[BlackElo "2324"]
[Result "0-1"]
[Round "02"]
[TimeControl "180+1"]
[Date "2022.04.26"]
[WhiteClock "0:00:02"]
[BlackClock "0:00:10"]

1. d4 Nf6 2. c4 d6 3. Nc3 Nbd7 4. e4 g6 5. h4 Bg7 6. Be2 c5 7. d5 b5 8. cxb5 a6 9. a4 axb5 10. Bxb5 O-O 11. Nf3 Ng4 12. h5 Nde5 13. Nxe5 Bxe5 14. Be2 Nf6 15. Bh6 Re8 16. Qc2 e6 17. hxg6 fxg6 18. dxe6 Bxe6 19. Kf1 Ra7 20. Rd1 Rf7 21. Be3 Qa8 22. Bf3 Bg4 23. Bxg4 Nxg4 24. Re1 Ref8 25. f3 Rxf3+ 26. gxf3 Rxf3+ 27. Bf2 Rxf2+ 28. Qxf2 Nxf2 29. Kxf2 Qf8+ 30. Ke2 Qb8 31. Rb1 Qb4 32. Kd3 Qd4+ 33. Kc2 c4 34. Rhd1 Qf2+ 35. Rd2 Qf3 36. Rbd1 h5 37. Rd5 h4 38. a5 Qf2+ 39. R5d2 Qa7 40. Ra1 h3 41. Rf2 h2 42. Nd5 Qxf2+ 43. Kb1 Qf3 44. Ka2 Qxe4 45. Nc3 Qd3 0-1


[Site "https://www.chess.com"]

[Event "Titled Tuesday Blitz April 26 Late 2022"]
[White "Wieczorek, Oskar"]
[Black "Keymer, Vincent"]
[WhiteFideId "1133950"]
[BlackFideId "12940690"]
[WhiteElo "2319"]
[BlackElo "2557"]
[Result "1-0"]
[Round "02"]
[TimeControl "180+1"]
[Date "2022.04.26"]
[WhiteClock "0:00:26"]
[BlackClock "0:00:04"]

1. e4 c6 2. d4 d5 3. Nd2 dxe4 4. Nxe4 Nf6 5. Nxf6+ exf6 6. Be2 Bd6 7. Bf3 O-O 8. Ne2 Re8 9. O-O Nd7 10. c4 Nf8 11. Nc3 Ng6 12. c5 Bf8 13. Be3 Nh4 14. d5 Nxf3+ 15. Qxf3 cxd5 16. Nxd5 Be6 17. Rfd1 Qc8 18. h3 Qc6 19. Rd2 Rac8 20. b4 a5 21. a3 axb4 22. axb4 Ra8 23. Rb1 Red8 24. Rbd1 Re8 25. Rb1 Red8 26. Rbd1 Re8 27. Qe2 Ra3 28. b5 Qc8 29. Nb6 Qc7 30. Nd5 Bxd5 31. Rxd5 Raxe3 32. fxe3 Bxc5 33. Rd7 Qg3 34. Rd8 Kf8 35. Rxe8+ Kxe8 36. Qd3 Qxe3+ 37. Qxe3+ Bxe3+ 38. Kf1 Bc5 39. Ke2 b6 40. Kf3 f5 41. Kf4 g6 42. Ke5 Ke7 43. Ra1 1-0


[Site "https://www.chess.com"]

[Event "Titled Tuesday Blitz April 26 Late 2022"]
[White "Winkels, Marcel"]
[Black "Hamley, Ryan"]
[WhiteFideId "1003887"]
[BlackFideId "30959497"]
[WhiteElo "1900"]
[BlackElo "2456"]
[Result "0-1"]
[Round "02"]
[TimeControl "180+1"]
[Date "2022.04.26"]
[WhiteClock "0:00:04"]
[BlackClock "0:00:48"]

1. e4 c5 2. Nc3 g6 3. g3 Bg7 4. Bg2 Nc6 5. d3 d6 6. Be3 Nf6 7. h3 O-O 8. f4 a6 9. Nf3 Rb8 10. O-O b5 11. Qd2 b4 12. Ne2 Nd7 13. Rab1 Qa5 14. c3 Qxa2 15. f5 Nde5 16. Ra1 bxc3 17. Rxa2 cxd2 18. Bxd2 Nxd3 19. fxg6 hxg6 20. Nc3 Rxb2 21. Rxb2 Nxb2 22. Rb1 Nc4 23. Be1 Nb4 24. Nd5 Nxd5 25. exd5 Bd7 26. Rb7 Bb5 27. Rxe7 Bf6 28. Rb7 Re8 29. Bf2 Ne3 30. Bh1 Nxd5 31. Nd2 Nc3 32. Bf3 Kg7 33. Kg2 Re7 34. Rb8 Be5 35. g4 Rc7 36. Ne4 Bd4 37. Nxd6 Bc6 0-1


[Site "https://www.chess.com"]

[Event "Titled Tuesday Blitz April 26 Late 2022"]
[White "Xiong, Jeffery"]
[Black "Shuvalova, Polina"]
[WhiteFideId "2047640"]
[BlackFideId "24171760"]
[WhiteElo "2727"]
[BlackElo "2355"]
[Result "1-0"]
[Round "02"]
[TimeControl "180+1"]
[Date "2022.04.26"]
[WhiteClock "0:01:37"]
[BlackClock "0:00:48"]

1. d4 Nf6 2. Bg5 e6 3. e4 h6 4. Bxf6 Qxf6 5. Nc3 Bb4 6. Qd3 d5 7. O-O-O O-O 8. Kb1 Bxc3 9. Qxc3 dxe4 10. f3 e3 11. Qxe3 Nc6 12. Bc4 Bd7 13. Ne2 Rab8 14. Nc3 Rfd8 15. Rhe1 Ne7 16. d5 Nxd5 17. Bxd5 exd5 18. Nxd5 Qg5 19. f4 Qh5 20. Qe7 Be6 21. Nf6+ gxf6 22. Rxd8+ Rxd8 23. Qxd8+ Kg7 24. Qxc7 Qd5 25. b3 Qxg2 26. Rxe6 Qg1+ 27. Kb2 Qd4+ 28. Ka3 a5 29. Rb6 1-0


[Site "https://www.chess.com"]

[Event "Titled Tuesday Blitz April 26 Late 2022"]
[White "Xu, Yi"]
[Black "Vovk, Orest"]
[WhiteFideId "8605564"]
[BlackFideId "14113490"]
[WhiteElo "2471"]
[BlackElo "2203"]
[Result "1-0"]
[Round "02"]
[TimeControl "180+1"]
[Date "2022.04.26"]
[WhiteClock "0:00:36"]
[BlackClock "0:00:22"]

1. e4 d6 2. d4 Nd7 3. Nc3 e5 4. Nf3 Ngf6 5. Bc4 h6 6. O-O Be7 7. Re1 O-O 8. h3 exd4 9. Qxd4 Nc5 10. Be3 Be6 11. Rad1 Bxc4 12. Qxc4 Nfd7 13. e5 Nb6 14. Qg4 Qc8 15. Qg3 Kh8 16. Bf4 Nc4 17. Nd5 Bd8 18. exd6 Nxd6 19. Bxd6 cxd6 20. Qxd6 Bb6 21. Nxb6 axb6 22. a3 Ne6 23. c3 Qc5 24. Ne5 Rad8 25. Qxc5 bxc5 26. Rxd8 Nxd8 27. Nd7 Rg8 28. Nxc5 b6 29. Nd7 Ne6 30. Nxb6 Rb8 31. Nc4 Nc5 32. b4 Na4 33. Nd6 Nxc3 34. Nxf7+ Kg8 35. Nd6 Ra8 36. Re8+ Rxe8 37. Nxe8 Kf7 38. Nd6+ Ke6 39. Nc4 Kd5 40. Ne3+ Kc6 41. Nf5 Nb1 42. a4 Nc3 43. a5 Nd5 44. Nxg7 Nxb4 45. Nf5 Kb5 46. Nxh6 Kxa5 47. g4 Kb6 48. Kg2 Kc6 49. Kg3 Kd6 50. f4 Ke6 51. f5+ Kf6 52. Kh4 Nd5 53. g5+ Kg7 54. Ng4 Ne3 55. Nxe3 1-0


[Site "https://www.chess.com"]

[Event "Titled Tuesday Blitz April 26 Late 2022"]
[White "Yurasova, Daria"]
[Black "Vlassov, Nikolai"]
[WhiteFideId "34146919"]
[BlackFideId "4103360"]
[WhiteElo "2064"]
[BlackElo "2407"]
[Result "1/2-1/2"]
[Round "02"]
[TimeControl "180+1"]
[Date "2022.04.26"]
[WhiteClock "0:00:48"]
[BlackClock "0:00:47"]

1. d4 Nf6 2. Nf3 e6 3. c4 Nc6 4. Nc3 Bb4 5. Qc2 d6 6. g3 e5 7. dxe5 dxe5 8. Bg2 O-O 9. O-O Bg4 10. a3 Be7 11. Rd1 Qc8 12. Nd5 Nxd5 13. cxd5 Bxf3 14. dxc6 Bxg2 15. Kxg2 bxc6 16. Qxc6 a5 17. Be3 Ra6 18. Qc4 Qb7+ 19. Kg1 Rd6 20. Rdc1 Qxb2 21. Rab1 Qxa3 22. Bc5 Qxc5 23. Qxc5 Rd1+ 24. Rxd1 Bxc5 25. Rb5 Bb6 26. Rxe5 g6 27. Kg2 Kg7 28. h4 h5 29. e3 a4 30. Ra1 Ra8 31. Rb5 a3 32. Ra2 Kf6 33. Rb3 Bc5 34. Rc3 Bd6 35. e4 Ke5 36. Rc4 Rb8 37. f4+ Ke6 38. Rcc2 f6 39. Re2 Rb3 40. Rac2 c5 41. e5 fxe5 42. fxe5 Be7 43. Kf2 Kd5 44. Rcd2+ Ke6 45. Rc2 Kd5 46. Rcd2+ Ke6 47. Rc2 1/2-1/2


[Site "https://www.chess.com"]

[Event "Titled Tuesday Blitz April 26 Late 2022"]
[White "Zakhartsov, Vladimir"]
[Black "Petrovic, Aleksa"]
[WhiteFideId "4145097"]
[BlackFideId "967629"]
[WhiteElo "2491"]
[BlackElo "2198"]
[Result "1-0"]
[Round "02"]
[TimeControl "180+1"]
[Date "2022.04.26"]
[WhiteClock "0:02:33"]
[BlackClock "0:01:30"]

1. d4 Nf6 2. c4 e6 3. Nc3 Bb4 4. e3 O-O 5. Nf3 d5 6. Bd2 b6 7. cxd5 exd5 8. Bd3 Bb7 9. O-O Nbd7 10. Rc1 a6 11. Ne5 Bd6 12. f4 c5 13. Qf3 Ra7 14. Qh3 g6 15. Be1 Ne4 16. Qxd7 1-0


[Site "https://www.chess.com"]

[Event "Titled Tuesday Blitz April 26 Late 2022"]
[White "Zanette, Edgard Vinicius"]
[Black "Song, Michael"]
[WhiteFideId "2109263"]
[BlackFideId "2613190"]
[WhiteElo "2182"]
[BlackElo "2274"]
[Result "0-1"]
[Round "02"]
[TimeControl "180+1"]
[Date "2022.04.26"]
[WhiteClock "0:00:14"]
[BlackClock "0:00:16"]

1. e4 e5 2. Nf3 Nc6 3. Bb5 Nf6 4. d3 Bc5 5. O-O O-O 6. c3 d6 7. h3 Bb6 8. Be3 Ne7 9. Ba4 Ng6 10. Nbd2 Bxe3 11. fxe3 d5 12. Qe2 dxe4 13. Nxe4 Nxe4 14. dxe4 c6 15. Rad1 Qe7 16. Bb3 Be6 17. Nd2 Rad8 18. Nc4 Qc5 19. Kh2 a5 20. Nd2 Bxb3 21. Nxb3 Qb6 22. Nc1 a4 23. Qf2 Rxd1 24. Rxd1 Rd8 25. Rxd8+ Qxd8 26. Qf5 Kf8 27. Ne2 h6 28. Ng1 b5 29. Nf3 Qc7 30. h4 Ne7 31. Qxe5 Qxe5+ 32. Nxe5 f6 33. Nd7+ Ke8 34. Nc5 Ng6 35. Kg3 Ne5 36. b3 a3 37. Kf4 Ke7 38. g4 g5+ 39. hxg5 hxg5+ 40. Kf5 Nf3 41. Nd3 Nh4# 0-1


[Site "https://www.chess.com"]

[Event "Titled Tuesday Blitz April 26 Late 2022"]
[White "Zhigalko, Sergei"]
[Black "Tregubov, Pavel V."]
[WhiteFideId "13502956"]
[BlackFideId "4115341"]
[WhiteElo "2662"]
[BlackElo "2341"]
[Result "1-0"]
[Round "02"]
[TimeControl "180+1"]
[Date "2022.04.26"]
[WhiteClock "0:00:05"]
[BlackClock "0:00:02"]

1. e4 e5 2. Nf3 Nf6 3. d4 Nxe4 4. Bd3 d5 5. Nxe5 Nd7 6. Nxd7 Bxd7 7. O-O Nf6 8. Re1+ Be7 9. h3 O-O 10. Nd2 Re8 11. Nf3 Qc8 12. Bf4 c6 13. Be5 g6 14. Qd2 Nh5 15. Re2 Bf8 16. Rae1 Bf5 17. Bxf5 Qxf5 18. Nh2 Qd7 19. Ng4 Re6 20. Nh6+ Bxh6 21. Qxh6 f6 22. Bf4 Rae8 23. Rxe6 Rxe6 24. Rxe6 Qxe6 25. Bd2 Ng7 26. Qf4 Kf7 27. Qb8 g5 28. Qxb7+ Kg6 29. Qxa7 Qe2 30. Qa5 Ne6 31. Qc3 Kg7 32. a4 h5 33. a5 h4 34. Qd3 Qd1+ 35. Kh2 Nc7 36. Be3 Qa1 37. f4 gxf4 38. Bxf4 Ne6 39. Qe3 Nxf4 40. Qxf4 Qxa5 41. Qxh4 Qd2 42. Qg3+ Kf7 43. Qc7+ Kg6 44. Qg3+ Kf7 45. c3 Ke6 46. b4 Qe2 47. Qg4+ Qxg4 48. hxg4 Kd6 49. Kg3 1-0


[Site "https://www.chess.com"]

[Event "Titled Tuesday Blitz April 26 Late 2022"]
[White "Zivkovic, Nemanja"]
[Black "Melaugh, Shane"]
[WhiteFideId "942154"]
[BlackFideId "2509580"]
[WhiteElo "2364"]
[BlackElo "1972"]
[Result "1-0"]
[Round "02"]
[TimeControl "180+1"]
[Date "2022.04.26"]
[WhiteClock "0:00:09"]
[BlackClock "0:00:01"]

1. e4 e6 2. d4 d5 3. Nd2 dxe4 4. Nxe4 Nf6 5. Bg5 Nbd7 6. Nf3 Be7 7. Nxf6+ Nxf6 8. Bb5+ c6 9. Bd3 O-O 10. Qe2 h6 11. Be3 b6 12. c3 c5 13. dxc5 bxc5 14. Rd1 Qc7 15. O-O Bb7 16. Bc1 Ng4 17. Be4 Rad8 18. h3 Nf6 19. Bxb7 Qxb7 20. c4 Ne4 21. Nd2 Nd6 22. Rfe1 Bf6 23. b3 Nf5 24. Nf3 Nd4 25. Nxd4 cxd4 26. Qe4 Qa6 27. Re2 e5 28. Rd3 Rfe8 29. Rg3 Kh8 30. Kh1 Qd6 31. Rd3 a5 32. Bd2 a4 33. b4 Qe6 34. c5 Qc4 35. a3 Re7 36. Re1 Rde8 37. Rc1 Qe6 38. c6 Rc7 39. b5 Rb8 40. Ba5 Rcc8 41. b6 Bd8 42. c7 Bxc7 43. bxc7 Rb3 44. Rxb3 axb3 45. Qb7 d3 46. f3 f5 47. Re1 Qd7 48. Rxe5 d2 49. Bxd2 Rxc7 50. Qb8+ Rc8 51. Qb4 Qd3 52. Re3 Qb1+ 53. Kh2 Qc2 54. Rxb3 Re8 55. Re3 Rd8 56. Bc3 Rd1 57. Re8+ Kh7 58. Qc5 1-0


[Site "https://www.chess.com"]

[Event "Titled Tuesday Blitz April 26 Late 2022"]
[White "Zlatin, Alexander"]
[Black "Donatti, Alvaro"]
[WhiteFideId "2810549"]
[BlackFideId "3000303"]
[WhiteElo "2228"]
[BlackElo "2138"]
[Result "1/2-1/2"]
[Round "02"]
[TimeControl "180+1"]
[Date "2022.04.26"]
[WhiteClock "0:00:18"]
[BlackClock "0:00:14"]

1. d4 Nf6 2. Nc3 d5 3. Bf4 g6 4. e3 Bg7 5. Be2 O-O 6. h4 h5 7. Nf3 c5 8. O-O cxd4 9. exd4 Nc6 10. Ne5 Bf5 11. Bf3 e6 12. a3 Qb6 13. Nxc6 bxc6 14. Na4 Qd8 15. Nc5 Nd7 16. Nxd7 Qxd7 17. b4 a5 18. c3 axb4 19. axb4 Qb7 20. Qd2 Rxa1 21. Rxa1 Ra8 22. Qb2 Ra7 23. Rxa7 Qxa7 24. Kh2 Qe7 25. g3 e5 26. dxe5 Bxe5 27. Bxe5 Qxe5 28. Qd2 Kg7 29. Qd4 Qxd4 30. cxd4 Bd3 31. Bd1 f5 32. Kg2 Kf6 33. Kf3 Bb5 34. Kf4 Bc4 35. Bc2 Bb5 36. Bb3 Bd3 37. Ba4 Bb5 38. Bd1 Bc4 39. Bf3 Bb5 40. Bd1 1/2-1/2


[Site "https://www.chess.com"]

[Event "Titled Tuesday Blitz April 26 Late 2022"]
[White "volunteers1998"]
[Black "Vujic, Mihailo"]
[BlackFideId "918873"]
[WhiteElo "2288"]
[BlackElo "2256"]
[Result "0-1"]
[Round "02"]
[TimeControl "180+1"]
[Date "2022.04.26"]
[WhiteClock "0:00:02"]
[BlackClock "0:00:27"]

1. e4 e5 2. Nf3 Nc6 3. Bc4 Nf6 4. Ng5 d5 5. exd5 Nd4 6. c3 b5 7. Bd3 Nxd5 8. Nxf7 Kxf7 9. cxd4 exd4 10. O-O Kg8 11. Bxb5 Bb7 12. d3 Qh4 13. Nd2 Nf4 14. Nf3 Qf6 15. Bxf4 h6 16. Bc4+ Kh7 17. Bg3 Bd6 18. Bxd6 cxd6 19. Re1 Rhf8 20. Re6 Qf5 21. Qe2 Qg4 22. Ne1 Qg5 23. f3 Rf4 24. Qf2 Raf8 25. Qg3 Qxg3 26. hxg3 R4f6 27. Rxf6 Rxf6 28. Kf2 d5 29. Bb3 a5 30. Nc2 Rb6 31. Nxd4 a4 32. Bxa4 Rxb2+ 33. Kg1 Ba6 34. Rd1 Rxa2 35. Bb3 Rb2 36. Bxd5 Kg6 37. Be4+ Kf6 38. Nf5 h5 39. Rc1 Bb5 40. Rc5 g6 0-1


[Site "https://www.chess.com"]

[Event "Titled Tuesday Blitz April 26 Late 2022"]
[White "Adewumi, Tanitoluwa"]
[Black "Prohorov, Olexandr"]
[WhiteFideId "30966396"]
[BlackFideId "14105578"]
[WhiteElo "2548"]
[BlackElo "1993"]
[Result "0-1"]
[Round "03"]
[TimeControl "180+1"]
[Date "2022.04.26"]
[WhiteClock "0:00:06"]
[BlackClock "0:00:16"]

1. e4 c5 2. Nf3 e6 3. d4 cxd4 4. Nxd4 Qb6 5. Nb3 Nc6 6. Be3 Qc7 7. Nc3 Nf6 8. Be2 Bb4 9. Bd3 d5 10. exd5 Nxd5 11. Bd2 Nxc3 12. Bxc3 Bxc3+ 13. bxc3 O-O 14. O-O e5 15. Qh5 g6 16. Qh6 Be6 17. Nc5 Bd5 18. c4 Nb4 19. Qe3 Rac8 20. cxd5 Qxc5 21. Qxe5 Rfe8 22. Qg3 Qxd5 23. Rfd1 Nxd3 24. cxd3 h5 25. Qf4 a6 26. Qb4 Re2 27. Rd2 Rc2 28. Rxc2 Rxc2 29. Qe4 Rxa2 30. Rxa2 Qxa2 31. g3 Qa1+ 32. Kg2 Qb2 33. d4 Qb4 34. Qe8+ Kg7 35. Qe5+ Kg8 36. d5 Qb5 37. Qb8+ Kh7 38. Qe5 a5 39. Qd4 Qd7 40. d6 a4 41. Kf3 b5 42. Ke4 a3 43. Kd5 a2 44. Qb2 Qb7+ 45. Kc5 Qa7+ 46. Kb4 a1=Q 47. Qxa1 Qxa1 48. Kc5 Qa8 49. Kxb5 Qd8 50. Kc6 Kg7 51. Kd5 Kf6 52. f4 Qd7 53. h3 h4 54. g4 g5 55. f5 Kg7 56. Ke5 f6+ 57. Kd5 Kf7 58. Kc5 Ke8 59. Kd5 Kd8 60. Kc5 Kc8 61. Kd5 Kb7 62. Kc5 Ka6 63. Kd5 Kb5 0-1


[Site "https://www.chess.com"]

[Event "Titled Tuesday Blitz April 26 Late 2022"]
[White "Aigner, Michael"]
[Black "Stearman, Josiah"]
[WhiteFideId "2017288"]
[BlackFideId "2062496"]
[WhiteElo "2403"]
[BlackElo "2402"]
[Result "0-1"]
[Round "03"]
[TimeControl "180+1"]
[Date "2022.04.26"]
[WhiteClock "0:01:38"]
[BlackClock "0:01:56"]

1. e4 c5 2. Nc3 Nc6 3. g3 g6 4. Bg2 Bg7 5. d3 e6 6. f4 Nge7 7. Nf3 d5 8. e5 Rb8 9. O-O b5 10. Ne2 c4 11. d4 b4 12. g4 h5 13. g5 Nf5 14. h4 a5 15. Kh2 Ba6 16. c3 a4 17. Ng3 Nxg3 18. Kxg3 bxc3 19. bxc3 Qa5 20. Qc2 O-O 21. Ba3 Rfc8 22. Rab1 Bf8 23. Bxf8 Kxf8 24. Nd2 a3 25. Bf3 Ne7 26. Rfc1 Nf5+ 27. Kh3 Ne3 28. Rxb8 Rxb8 29. Rb1 Nxc2 0-1


[Site "https://www.chess.com"]

[Event "Titled Tuesday Blitz April 26 Late 2022"]
[White "Alekseenko, Kirill"]
[Black "Bryakin, Mikhail"]
[WhiteFideId "4135539"]
[BlackFideId "4165314"]
[WhiteElo "2682"]
[BlackElo "2417"]
[Result "0-1"]
[Round "03"]
[TimeControl "180+1"]
[Date "2022.04.26"]
[WhiteClock "0:00:06"]
[BlackClock "0:00:23"]

1. e4 c5 2. Nf3 a6 3. c4 Nc6 4. d4 cxd4 5. Nxd4 g6 6. Nc3 Bg7 7. Be3 d6 8. Be2 Nf6 9. O-O O-O 10. Rc1 Nxd4 11. Bxd4 Be6 12. f4 Rc8 13. b3 Ne8 14. f5 Bd7 15. Nd5 Bxd4+ 16. Qxd4 f6 17. Nb6 Rc5 18. Nd5 a5 19. Rc3 Nc7 20. fxg6 hxg6 21. Rg3 Kg7 22. Bh5 Be8 23. h4 Rh8 24. Bxg6 Bxg6 25. Nf4 Rh6 26. Qd1 Kf7 27. Qg4 Qg8 28. Nd5 Bh7 29. Qd7 Qxg3 30. Qxe7+ Kg8 31. Qd8+ Kg7 32. Qe7+ Kh8 33. Qf8+ Qg8 34. Qxh6 Nxd5 35. exd5 Qg7 36. Qxf6 Qxf6 37. Rxf6 b5 38. cxb5 Rxd5 39. b6 Rb5 40. Rxd6 Bb1 41. h5 Bxa2 42. h6 Kh7 43. g4 Bxb3 44. Kh2 a4 45. g5 Rxg5 46. b7 Rb5 0-1


[Site "https://www.chess.com"]